| TOP OF THE 1ST |
|
Pittsburgh Pirates batting - Pitching for Chicago Cubs : RHP Ray Burris
|
|
Pitching: RHP Ray Burris
|
|
|
Batting: RHB Dan Gladden
|
0-0: Ball 1-0: Foul Ball, location: 2F 1-1: SINGLE (Groundball, 56D, EV 96.3 MPH)
|
|
Batting: SHB Chili Davis
|
0-0: Ball 1-0: Called Strike 1-1: Foul Ball, location: 2F 1-2: Ball 2-2: Ground out 6-3 (Groundball, 6MS, EV 68.1 MPH) Dan Gladden to second
|
|
Batting: LHB Greg Walker
|
0-0: Foul Ball, location: 2F 0-1: Ball 1-1: Ball 2-1: Ball 3-1: SINGLE (Groundball, 56D, EV 105.6 MPH) Dan Gladden to third Runner from 3rd tries for Home, SAFE, throw by LF to home
|
|
Batting: RHB Mike C Brown
|
0-0: Called Strike 0-1: Ball 1-1: Ball 2-1: Grounds into double play, 5-4-3 (Groundball, 56S, EV 89.4 MPH)
|
| Top of the 1st over - 1 run, 2 hits, 0 errors, 0 left on base; Pittsburgh 1 - Chicago 0 |
| BOTTOM OF THE 1ST |
|
Chicago Cubs batting - Pitching for Pittsburgh Pirates : RHP Kelly Downs
|
|
Pitching: RHP Kelly Downs
|
|
|
Batting: RHB Gary Ward
|
0-0: Called Strike 0-1: Swinging Strike 0-2: Strikes out swinging
|
|
Batting: RHB Randy Ready
|
0-0: Ball 1-0: Ball 2-0: Ball 3-0: Called Strike 3-1: Fly out, F9 (Flyball, 9LM, EV 110.6 MPH)
|
|
Batting: RHB Lonnie Smith
|
0-0: Ball 1-0: Ball 2-0: Foul Ball, location: 2F 2-1: DOUBLE (Line Drive, 78D, EV 110.0 MPH)
|
|
Batting: RHB Jim Rice
|
0-0: Swinging Strike 0-1: Ground out 3-1 (Groundball, 34S, EV 88.1 MPH)
|
| Bottom of the 1st over - 0 runs, 1 hit, 0 errors, 1 left on base; Pittsburgh 1 - Chicago 0 |
| TOP OF THE 2ND |
|
Pittsburgh Pirates batting - Pitching for Chicago Cubs : RHP Ray Burris
|
|
Batting: RHB William Max
|
0-0: Called Strike 0-1: Foul Ball, location: 2F 0-2: Strikes out swinging
|
|
Batting: SHB John Shelby
|
0-0: Ball 1-0: Called Strike 1-1: Called Strike 1-2: Foul Ball, location: 2F 1-2: Foul Ball, location: 2F 1-2: Strikes out swinging
|
|
Batting: SHB Ron Oester
|
0-0: Foul Ball, location: 2F 0-1: Swinging Strike 0-2: Foul Ball, location: 2F 0-2: Foul Ball, location: 2F 0-2: Ball 1-2: Ground out 6-3 (Groundball, 6, EV 80.6 MPH)
|
| Top of the 2nd over - 0 runs, 0 hits, 0 errors, 0 left on base; Pittsburgh 1 - Chicago 0 |
| BOTTOM OF THE 2ND |
|
Chicago Cubs batting - Pitching for Pittsburgh Pirates : RHP Kelly Downs
|
|
Batting: SHB Roy Smalley
|
0-0: Ball 1-0: Ball 2-0: Called Strike 2-1: Foul Ball, location: 2F 2-2: Strikes out swinging
|
|
Batting: LHB Johnny Grubb
|
0-0: Ball 1-0: Fly out, F7 (Flyball, 7D, EV 84.4 MPH)
|
|
Batting: LHB Dave Bergman
|
0-0: Foul Ball, location: 2F 0-1: Called Strike 0-2: Foul Ball, location: 2F 0-2: Ball 1-2: Ground out 3-1 (Groundball, 34S, EV 85.0 MPH)
|
| Bottom of the 2nd over - 0 runs, 0 hits, 0 errors, 0 left on base; Pittsburgh 1 - Chicago 0 |
| TOP OF THE 3RD |
|
Pittsburgh Pirates batting - Pitching for Chicago Cubs : RHP Ray Burris
|
|
Batting: LHB Alex Campos
|
0-0: Foul Ball, location: 2F 0-1: Ball 1-1: Foul Ball, location: 2F 1-2: Fly out, F9 (Flyball, 9LS, EV 91.9 MPH)
|
|
Batting: RHB Kelly Downs
|
0-0: Called Strike 0-1: Ball 1-1: Ball 2-1: Ground out 5-3 (Groundball, 56, EV 85.6 MPH)
|
|
Batting: RHB Dan Gladden
|
0-0: Swinging Strike 0-1: Called Strike 0-2: Ground out 4-3 (Groundball, 4S, EV 90.0 MPH)
|
| Top of the 3rd over - 0 runs, 0 hits, 0 errors, 0 left on base; Pittsburgh 1 - Chicago 0 |
| BOTTOM OF THE 3RD |
|
Chicago Cubs batting - Pitching for Pittsburgh Pirates : RHP Kelly Downs
|
|
Batting: RHB Bob Brenly
|
0-0: Called Strike 0-1: Ground out 6-3 (Groundball, 6, EV 88.1 MPH)
|
|
Batting: RHB Ray Burris
|
0-0: Called Strike 0-1: Ground out 3-1 (Groundball, 34S, EV 87.5 MPH)
|
|
Batting: RHB Gary Ward
|
0-0: Ball 1-0: SINGLE (Line Drive, 34D, EV 99.4 MPH)
|
|
Batting: RHB Randy Ready
|
0-0: Called Strike 0-1: Called Strike Gary Ward steals 2nd, throwing error, E2 Gary Ward to third 0-2: Ball 1-2: Ball 2-2: Strikes out swinging
|
| Bottom of the 3rd over - 0 runs, 1 hit, 1 error, 1 left on base; Pittsburgh 1 - Chicago 0 |
| TOP OF THE 4TH |
|
Pittsburgh Pirates batting - Pitching for Chicago Cubs : RHP Ray Burris
|
|
Batting: SHB Chili Davis
|
0-0: Foul Ball, location: 2F 0-1: Ball 1-1: Swinging Strike 1-2: Ball 2-2: Fly out, F7 (Flyball, 7S, EV 75.0 MPH)
|
|
Batting: LHB Greg Walker
|
0-0: Ball 1-0: Swinging Strike 1-1: Ball 2-1: Reached on error, E6 (Groundball, 6, EV 90.0 MPH)
|
|
Batting: RHB Mike C Brown
|
0-0: Grounds into double play, 6-4-3 (Groundball, 6, EV 87.5 MPH)
|
| Top of the 4th over - 0 runs, 0 hits, 1 error, 0 left on base; Pittsburgh 1 - Chicago 0 |
| BOTTOM OF THE 4TH |
|
Chicago Cubs batting - Pitching for Pittsburgh Pirates : RHP Kelly Downs
|
|
Batting: RHB Lonnie Smith
|
0-0: Ball 1-0: Ball 2-0: Foul Ball, location: 2F 2-1: Called Strike 2-2: Fly out, F8 (Flyball, 8LS, EV 90.6 MPH)
|
|
Batting: RHB Jim Rice
|
0-0: Called Strike 0-1: Ball 1-1: Called Strike 1-2: Fly out, F8 (Flyball, 78XD, EV 89.4 MPH)
|
|
Batting: SHB Roy Smalley
|
0-0: Ball 1-0: Ball 2-0: Called Strike 2-1: Swinging Strike 2-2: Ball 3-2: Ground out 4-3 (Groundball, 34, EV 78.8 MPH)
|
| Bottom of the 4th over - 0 runs, 0 hits, 0 errors, 0 left on base; Pittsburgh 1 - Chicago 0 |
| TOP OF THE 5TH |
|
Pittsburgh Pirates batting - Pitching for Chicago Cubs : RHP Ray Burris
|
|
Batting: RHB William Max
|
0-0: Ball 1-0: SINGLE (Groundball, 56D, EV 96.3 MPH)
|
|
Batting: SHB John Shelby
|
0-0: Ball 1-0: Called Strike 1-1: Swinging Strike 1-2: SINGLE (Line Drive, 4D, EV 96.9 MPH) William Max to second Runner from 2nd tries for 3rd, SAFE, no throw by CF
|
|
Batting: SHB Ron Oester
|
0-0: Ball 1-0: Ball 2-0: Ball 3-0: Base on Balls John Shelby to second
|
|
Batting: LHB Alex Campos
|
0-0: Called Strike 0-1: Foul Ball, location: 2F 0-2: Ball 1-2: Ball 2-2: Ball 3-2: Strikes out swinging
|
|
Batting: RHB Kelly Downs
|
0-0: Ball 1-0: Called Strike 1-1: Swinging Strike 1-2: Ball 2-2: Strikes out swinging
|
|
Batting: RHB Dan Gladden
|
0-0: Fielders Choice at 2nd, 5-4 (Groundball, 5, EV 90.6 MPH)
|
| Top of the 5th over - 0 runs, 2 hits, 0 errors, 3 left on base; Pittsburgh 1 - Chicago 0 |
| BOTTOM OF THE 5TH |
|
Chicago Cubs batting - Pitching for Pittsburgh Pirates : RHP Kelly Downs
|
|
Batting: LHB Johnny Grubb
|
0-0: Called Strike 0-1: Foul Ball, location: 2F 0-2: Strikes out swinging
|
|
Batting: LHB Dave Bergman
|
0-0: Foul Ball, location: 2F 0-1: Ball 1-1: Ground out 6-3 (Groundball, P, EV 83.1 MPH)
|
|
Batting: RHB Bob Brenly
|
0-0: Ball 1-0: Ball 2-0: Ball 3-0: Base on Balls
|
|
Batting: RHB Ray Burris
|
0-0: Ball 1-0: Called Strike 1-1: Swinging Strike 1-2: Foul Ball, location: 2F 1-2: Ball 2-2: Strikes out swinging
|
| Bottom of the 5th over - 0 runs, 0 hits, 0 errors, 1 left on base; Pittsburgh 1 - Chicago 0 |
| TOP OF THE 6TH |
|
Pittsburgh Pirates batting - Pitching for Chicago Cubs : RHP Ray Burris
|
|
Batting: SHB Chili Davis
|
0-0: Called Strike 0-1: Ball 1-1: Ball 2-1: Ball 3-1: Base on Balls
|
|
Batting: LHB Greg Walker
|
0-0: SINGLE (Line Drive, 78M, EV 108.8 MPH) Chili Davis to second
|
|
Batting: RHB Mike C Brown
|
0-0: Ball 1-0: Called Strike 1-1: Ball 2-1: Called Strike 2-2: Strikes out swinging
|
|
Batting: RHB William Max
|
0-0: Called Strike Chili Davis steals 3rd base Greg Walker to second 0-1: Ball 1-1: Ball 2-1: SINGLE (Groundball, 6MD, EV 83.1 MPH) (infield hit) Chili Davis scores Greg Walker to third
|
|
Batting: SHB John Shelby
|
0-0: Called Strike William Max is caught stealing 2nd base 2-6 0-1: Foul Ball, location: 2F 0-2: Ball 1-2: Fly out, F7 (Flyball, 7D, EV 103.1 MPH)
|
| Top of the 6th over - 1 run, 2 hits, 0 errors, 1 left on base; Pittsburgh 2 - Chicago 0 |
| BOTTOM OF THE 6TH |
|
Chicago Cubs batting - Pitching for Pittsburgh Pirates : RHP Kelly Downs
|
|
Batting: RHB Gary Ward
|
0-0: Ball 1-0: Ball 2-0: Ball 3-0: Called Strike 3-1: SOLO HOME RUN (Flyball, 7LD, EV 95.6 MPH), Distance : 377 ft
|
|
Batting: RHB Randy Ready
|
0-0: Ball 1-0: SINGLE (Flyball, 8RS, EV 85.6 MPH)
|
|
Batting: RHB Lonnie Smith
|
0-0: Ball 1-0: Ball 2-0: Swinging Strike 2-1: Foul Ball, location: 2F 2-2: Ball 3-2: Foul Ball, location: 2F 3-2: Base on Balls Randy Ready to second
|
|
Batting: RHB Jim Rice
|
0-0: Swinging Strike 0-1: Swinging Strike 0-2: Ball 1-2: Ball 2-2: Strikes out swinging
|
|
Batting: SHB Roy Smalley
|
0-0: Called Strike 0-1: Fly out, F8 (Flyball, 8RXD, EV 89.4 MPH) Runner from 2nd tags up, SAFE at 3rd, no throw by CF
|
|
Batting: LHB Johnny Grubb
|
0-0: Ball 1-0: Ball 2-0: Called Strike 2-1: Ground out U3 (Groundball, 3, EV 86.3 MPH)
|
| Bottom of the 6th over - 1 run, 2 hits, 0 errors, 2 left on base; Pittsburgh 2 - Chicago 1 |
| TOP OF THE 7TH |
|
Pittsburgh Pirates batting - Pitching for Chicago Cubs : RHP Ray Burris
|
|
Batting: SHB Ron Oester
|
0-0: Called Strike 0-1: Called Strike 0-2: Ball 1-2: Strikes out swinging
|
|
Batting: LHB Alex Campos
|
0-0: Foul Ball, location: 2F 0-1: Called Strike 0-2: Fly out, F7 (Flyball, 7, EV 83.8 MPH)
|
|
Pinch Hitting: LHB Craig Barnes
|
0-0: Ball 1-0: Foul Ball, location: 2F 1-1: Called Strike 1-2: Fly out, F8 (Flyball, 8LS, EV 92.5 MPH)
|
| Top of the 7th over - 0 runs, 0 hits, 0 errors, 0 left on base; Pittsburgh 2 - Chicago 1 |
| BOTTOM OF THE 7TH |
|
Chicago Cubs batting - Pitching for Pittsburgh Pirates : RHP Kelly Downs
|
|
Pitching: RHP Mark Lemongello
|
|
|
Batting: LHB Dave Bergman
|
0-0: Ball 1-0: Foul Ball, location: 2F 1-1: Foul Ball, location: 2F 1-2: Ground out 6-3 (Groundball, 6, EV 78.1 MPH)
|
|
Batting: RHB Bob Brenly
|
0-0: Foul Ball, location: 2F 0-1: Ball 1-1: Called Strike 1-2: Ball 2-2: Foul Ball, location: 2F 2-2: Ball 3-2: Strikes out swinging
|
|
Pinch Hitting: RHB Fran Mullins
|
0-0: Called Strike 0-1: Ball 1-1: Swinging Strike 1-2: Foul Ball, location: 2F 1-2: Ground out 3-1 (Groundball, 34S, EV 84.4 MPH)
|
| Bottom of the 7th over - 0 runs, 0 hits, 0 errors, 0 left on base; Pittsburgh 2 - Chicago 1 |
| TOP OF THE 8TH |
|
Pittsburgh Pirates batting - Pitching for Chicago Cubs : RHP Ray Burris
|
|
Pitching: RHP Tom Niedenfuer
|
|
|
Batting: RHB Dan Gladden
|
0-0: Swinging Strike 0-1: Called Strike 0-2: Strikes out swinging
|
|
Batting: SHB Chili Davis
|
0-0: Called Strike 0-1: Foul Ball, location: 2F 0-2: Ball 1-2: Strikes out swinging
|
|
Batting: LHB Greg Walker
|
0-0: Called Strike 0-1: Swinging Strike 0-2: Ball 1-2: Ball 2-2: Ground out U3 (Groundball, 34D, EV 104.4 MPH)
|
| Top of the 8th over - 0 runs, 0 hits, 0 errors, 0 left on base; Pittsburgh 2 - Chicago 1 |
| BOTTOM OF THE 8TH |
|
Chicago Cubs batting - Pitching for Pittsburgh Pirates : RHP Mark Lemongello
|
|
Batting: RHB Gary Ward
|
0-0: Ball 1-0: SINGLE (Flyball, 4MD, EV 89.4 MPH)
|
|
Batting: RHB Randy Ready
|
0-0: Ball 1-0: Ball 2-0: Called Strike 2-1: Foul Ball, location: 2F 2-2: Ball 3-2: Foul Ball, location: 2F 3-2: Foul Ball, location: 2F 3-2: Foul Ball, location: 2F 3-2: Foul Ball, location: 2F 3-2: Base on Balls Gary Ward to second
|
|
Batting: RHB Lonnie Smith
|
0-0: Fielders Choice at 2nd, 6-4 (Groundball, 56, EV 84.4 MPH) Gary Ward to third
|
|
Batting: RHB Jim Rice
|
0-0: Swinging Strike 0-1: Ball 1-1: Ball 2-1: Called Strike 2-2: Strikes out swinging
|
|
Batting: SHB Roy Smalley
|
0-0: Ball 1-0: Called Strike 1-1: Ball 2-1: Foul Ball, location: 2F 2-2: SINGLE (Flyball, 56D, EV 90.6 MPH) Gary Ward scores Lonnie Smith to second
|
|
Batting: LHB Johnny Grubb
|
0-0: Foul Ball, location: 2F 0-1: Ball 1-1: Foul Ball, location: 2F 1-2: Ground out 4-3 (Groundball, 34, EV 106.9 MPH)
|
| Bottom of the 8th over - 1 run, 2 hits, 0 errors, 2 left on base; Pittsburgh 2 - Chicago 2 |
| TOP OF THE 9TH |
|
Pittsburgh Pirates batting - Pitching for Chicago Cubs : RHP Tom Niedenfuer
|
|
Batting: RHB Mike C Brown
|
0-0: Foul Ball, location: 2F 0-1: Ball 1-1: Called Strike 1-2: DOUBLE (Groundball, 3L, EV 105.0 MPH)
|
|
Batting: RHB William Max
|
0-0: Called Strike 0-1: Foul Ball, location: 2F 0-2: Foul Ball, location: 2F 0-2: Ball 1-2: Foul Ball, location: 2F 1-2: Foul Ball, location: 2F 1-2: Foul Ball, location: 2F 1-2: Foul Ball, location: 2F 1-2: Ball 2-2: Fly out, F8 (Flyball, 8LS, EV 84.4 MPH)
|
|
Batting: SHB John Shelby
|
0-0: Called Strike 0-1: Ball 1-1: Swinging Strike 1-2: Strikes out swinging
|
|
Batting: SHB Ron Oester
|
0-0: Intentional Walk
|
|
Batting: LHB Alex Campos
|
0-0: Called Strike 0-1: Fielders Choice at 2nd, 5-4 (Groundball, 56, EV 88.8 MPH)
|
| Top of the 9th over - 0 runs, 1 hit, 0 errors, 2 left on base; Pittsburgh 2 - Chicago 2 |
| BOTTOM OF THE 9TH |
|
Chicago Cubs batting - Pitching for Pittsburgh Pirates : RHP Mark Lemongello
|
|
Batting: LHB Dave Bergman
|
0-0: Ball 1-0: Ball 2-0: Called Strike 2-1: Ball 3-1: Foul Ball, location: 2F 3-2: Base on Balls
|
|
Pinch Hitting: LHB Gerald Perry
|
0-0: Ball 1-0: Swinging Strike 1-1: Foul Ball, location: 2F 1-2: Ball 2-2: Ball 3-2: Foul Ball, location: 2F 3-2: Fly out, F6 (Line Drive, 6, EV 68.1 MPH)
|
|
Pinch Hitting: RHB Rick Cerone
|
0-0: Ball 1-0: Ground out 5-3 (Groundball, 56S, EV 85.6 MPH) Dave Bergman to second
|
|
Pitching: RHP Mike Smithson
|
|
|
Batting: RHB Gary Ward
|
0-0: Called Strike 0-1: Foul Ball, location: 2F 0-2: Strikes out swinging
|
| Bottom of the 9th over - 0 runs, 0 hits, 0 errors, 1 left on base; Pittsburgh 2 - Chicago 2 |
| TOP OF THE 10TH |
|
Pittsburgh Pirates batting - Pitching for Chicago Cubs : RHP Tom Niedenfuer
|
|
Pitching: RHP George Durham
|
|
|
Now at C: Rick Cerone
|
|
|
Pinch Hitting: LHB Terry Whitfield
|
0-0: Ball 1-0: Ball 2-0: Ball 3-0: Called Strike 3-1: Foul Ball, location: 2F 3-2: Strikes out swinging
|
|
Batting: RHB Dan Gladden
|
0-0: Ball 1-0: Ball 2-0: Swinging Strike 2-1: Swinging Strike 2-2: Ball 3-2: Base on Balls
|
|
Batting: SHB Chili Davis
|
0-0: Swinging Strike 0-1: Fly out, F7 (Line Drive, 7, EV 84.4 MPH)
|
|
Batting: LHB Greg Walker
|
0-0: Ball 1-0: Called Strike 1-1: Ball 2-1: TRIPLE (Line Drive, 89XD, EV 111.3 MPH) Dan Gladden scores
|
|
Batting: RHB Mike C Brown
|
0-0: Called Strike 0-1: Swinging Strike 0-2: Strikes out looking
|
| Top of the 10th over - 1 run, 1 hit, 0 errors, 1 left on base; Pittsburgh 3 - Chicago 2 |
| BOTTOM OF THE 10TH |
|
Chicago Cubs batting - Pitching for Pittsburgh Pirates : RHP Mike Smithson
|
|
Pitching: RHP Timnothy Milner
|
|
|
Batting: RHB Randy Ready
|
0-0: Fly out, F4 (Popup, 34, EV 66.9 MPH)
|
|
Batting: RHB Lonnie Smith
|
0-0: Ball 1-0: Ball 2-0: Ball 3-0: Called Strike 3-1: Base on Balls
|
|
Batting: RHB Jim Rice
|
0-0: Ball 1-0: Fly out, F7 (Flyball, 7S, EV 84.4 MPH)
|
|
Batting: SHB Roy Smalley
|
0-0: Ball 1-0: Called Strike 1-1: Fly out, F8 (Line Drive, 8RM, EV 94.4 MPH)
|
| Bottom of the 10th over - 0 runs, 0 hits, 0 errors, 1 left on base; Pittsburgh 3 - Chicago 2 |
|